[Event "Titled Tuesday Blitz June 6 Late 2023"]
[White "Della Morte, German"]
[Black "Kejzar, Petra"]
[WhiteFideId "113522"]
[BlackFideId "14610213"]
[WhiteElo "2306"]
[BlackElo "2089"]
[Result "1-0"]
[Round "6"]
[TimeControl "180+2"]
[Date "2023.06.07"]
[WhiteClock "0:01:58"]
[BlackClock "0:01:14"]
[Board "111"]

1. e4 e5 2. Nf3 Nc6 3. Bb5 a6 4. Ba4 Bc5 5. O-O Nge7 6. Nc3 O-O 7. d3 d6 8. Bb3 Be6 9. h3 b5 10. Bg5 Qd7 11. Be3 f6 12. d4 Bxd4 13. Nxd4 exd4 14. Bxd4 Nxd4 15. Qxd4 c5 16. Bxe6+ Qxe6 17. Qe3 Rfe8 18. Rad1 Nc6 19. f3 Nd4 20. Qf2 Rad8 21. Nd5 Rd7 22. c3 Nc6 23. Rd2 Rf7 24. Rfd1 Ne5 25. Nf4 Qe7 26. Rxd6 Nc4 27. R6d5 Qc7 28. Nd3 Qa5 29. a3 Ne5 30. Nxe5 fxe5 31. Qxc5 h6 32. Rxe5 Ref8 33. Red5 Qa4 34. R5d2 Qb3 35. Qd5 Qa4 36. e5 Kh8 37. Re1 Re7 38. e6 Qf4 39. Rde2 Rfe8 40. Re4 Qf6 41. Re5 Qf4 42. Qd4 Qf6 43. Qe4 Qf8 44. f4 Qf6 45. f5 Qg5 46. Qe3 Qf6 47. Qd4 Qg5 48. R1e3 Qf6 49. Rf3 Qg5 50. f6 Qc1+ 51. Rf1 Qxb2 52. fxe7 Qxa3 53. Rf8+ Rxf8 54. exf8=Q+ Qxf8 55. e7 Qf6 56. e8=Q+ Kh7 57. Qe4+ g6 58. Re7+ Qxe7 59. Q4xe7# 1-0


[Site "https://www.chess.com"]

[Event "Titled Tuesday Blitz June 6 Late 2023"]
[White "Vega Gutierrez, Sabrina"]
[Black "Simonovic, Miroslav"]
[WhiteFideId "2219026"]
[BlackFideId "919152"]
[WhiteElo "2209"]
[BlackElo "2075"]
[Result "0-1"]
[Round "6"]
[TimeControl "180+2"]
[Date "2023.06.07"]
[WhiteClock "0:00:43"]
[BlackClock "0:01:07"]
[Board "112"]

1. e4 c5 2. Nf3 Nc6 3. d4 cxd4 4. Nxd4 g6 5. c4 Bg7 6. Be3 d6 7. Nc3 Nf6 8. Be2 Bd7 9. O-O O-O 10. h3 Rc8 11. Nf3 h6 12. Qd2 Kh7 13. Rfd1 Be6 14. Rac1 Nd7 15. b3 Qa5 16. Nd5 Qxd2 17. Rxd2 Rfe8 18. a3 a6 19. b4 Nce5 20. Rdc2 Nxf3+ 21. Bxf3 Ne5 22. Be2 g5 23. Nb6 Rc7 24. c5 dxc5 25. Rxc5 Rxc5 26. Rxc5 Nd7 27. Nxd7 Bxd7 28. Rc7 Bc6 29. Bxa6 Be5 30. Bxb7 Bxc7 31. Bxc6 Rd8 32. Bc5 Rd1# 0-1


[Site "https://www.chess.com"]

[Event "Titled Tuesday Blitz June 6 Late 2023"]
[White "Shapiro, Viktor"]
[Black "Wang, Alexander J"]
[WhiteFideId "4175700"]
[BlackFideId "30955270"]
[WhiteElo "2212"]
[BlackElo "2268"]
[Result "0-1"]
[Round "6"]
[TimeControl "180+2"]
[Date "2023.06.07"]
[WhiteClock "0:01:12"]
[BlackClock "0:00:43"]
[Board "113"]

1. Nf3 d5 2. c4 e6 3. d4 c5 4. e3 Nc6 5. Nc3 Nf6 6. a3 dxc4 7. Bxc4 a6 8. O-O Be7 9. dxc5 Qxd1 10. Rxd1 Bxc5 11. b4 Be7 12. Bb2 O-O 13. e4 b5 14. Bd3 Bb7 15. e5 Nd5 16. Nxd5 exd5 17. Rac1 Rac8 18. Bf5 Rcd8 19. Nd4 Nxd4 20. Bxd4 Bc8 21. Bd3 Be6 22. Rc6 Ra8 23. f4 g6 24. Rdc1 Rfc8 25. h3 Rxc6 26. Rxc6 a5 27. Bc5 Bxc5+ 28. Rxc5 axb4 29. axb4 Ra3 30. Bxb5 Rb3 31. Bc6 d4 32. b5 Rc3 33. Rxc3 dxc3 34. Be4 Bf5 0-1


[Site "https://www.chess.com"]

[Event "Titled Tuesday Blitz June 6 Late 2023"]
[White "Jaivardhan Raj"]
[Black "QuiesPrecatio"]
[WhiteFideId "25744437"]
[WhiteElo "1772"]
[BlackElo "2442"]
[Result "1/2-1/2"]
[Round "6"]
[TimeControl "180+2"]
[Date "2023.06.07"]
[WhiteClock "0:00:12"]
[BlackClock "0:00:18"]
[Board "114"]

1. e4 e6 2. d4 d5 3. Nd2 c5 4. exd5 cxd4 5. dxe6 Bxe6 6. Ngf3 Nc6 7. Bb5 Be7 8. O-O Bf6 9. Ne4 Qd5 10. Nxf6+ Nxf6 11. Bxc6+ bxc6 12. Qxd4 O-O 13. Qxd5 Bxd5 14. Nd4 c5 15. Nf5 Rfe8 16. Be3 c4 17. Rad1 Rab8 18. Bxa7 Rxb2 19. Bd4 Rb5 20. Bxf6 gxf6 21. Nd6 Reb8 22. Nxb5 Rxb5 23. Rfe1 Be6 24. Rd8+ Kg7 25. c3 Ra5 26. Rd2 Ra3 27. Rc1 Bf5 28. Rb2 Bd3 29. f3 Kg6 30. Kf2 Kf5 31. Rb5+ Ke6 32. Rb2 Ke5 33. Ke3 f5 34. f4+ Kd5 35. Rb5+ Kc6 36. Rb2 Kc5 37. g3 h5 38. Rd2 f6 39. Rxd3 cxd3 40. Kxd3 Rxa2 41. Rh1 Rg2 42. Ke3 Kc4 43. Kf3 Rc2 44. h4 Rxc3+ 45. Kg2 Kd4 46. Rd1+ Ke4 47. Re1+ Re3 48. Ra1 Re2+ 49. Kh3 Kf3 50. Ra3+ Re3 51. Ra1 Kf2 52. Ra2+ Re2 53. Ra1 Re1 54. Ra2+ Kf3 55. Ra3+ Re3 56. Ra1 Kf2 57. Ra2+ Ke1 58. Ra1+ Ke2 59. Ra2+ Kf3 60. Ra1 1/2-1/2


[Site "https://www.chess.com"]

[Event "Titled Tuesday Blitz June 6 Late 2023"]
[White "Ogreberbere"]
[Black "Luong Phuong Hanh"]
[BlackFideId "12401013"]
[WhiteElo "2191"]
[BlackElo "2081"]
[Result "0-1"]
[Round "6"]
[TimeControl "180+2"]
[Date "2023.06.07"]
[WhiteClock "0:00:04"]
[BlackClock "0:01:40"]
[Board "115"]

1. d4 Nf6 2. c4 g6 3. Nc3 d5 4. cxd5 Nxd5 5. e4 Nxc3 6. bxc3 Bg7 7. Nf3 O-O 8. Rb1 c5 9. Be2 Qa5 10. Bd2 Qxa2 11. O-O Qe6 12. e5 Rd8 13. Bg5 cxd4 14. cxd4 Nc6 15. Re1 b6 16. Rc1 Na5 17. Qd2 Nb3 18. Qf4 Nxc1 19. Rxc1 Bb7 20. Bh6 Bxh6 21. Qxh6 Bxf3 22. Bxf3 Rac8 23. Re1 Rxd4 24. h3 Rdc4 25. Bg4 f5 26. Bf3 Rd8 27. Ra1 Qxe5 28. Rxa7 Qe1+ 29. Kh2 Qe5+ 30. g3 Rc2 31. Kg2 Qc5 32. h4 Qxf2+ 33. Kh3 Qf1+ 34. Bg2 Qxg2# 0-1


[Site "https://www.chess.com"]

[Event "Titled Tuesday Blitz June 6 Late 2023"]
[White "Francisco_Ferrari"]
[Black "Kaplan, Avi Harrison"]
[BlackFideId "30934559"]
[WhiteElo "2190"]
[BlackElo "1983"]
[Result "0-1"]
[Round "6"]
[TimeControl "180+2"]
[Date "2023.06.07"]
[WhiteClock "0:00:01"]
[BlackClock "0:00:37"]
[Board "116"]

1. Nf3 b6 2. a4 Bb7 3. e3 f5 4. d4 Nf6 5. Be2 e6 6. Nbd2 Ne4 7. a5 Be7 8. Nxe4 fxe4 9. Nd2 O-O 10. O-O d6 11. c4 Nd7 12. b4 Qe8 13. Bh5 g6 14. Bg4 Qf7 15. d5 exd5 16. Bxd7 Bf6 17. Qg4 Bc8 18. Bxc8 Raxc8 19. Rb1 dxc4 20. Nxe4 Be5 21. f4 Bg7 22. Ng5 Qf5 23. Qxf5 Rxf5 24. axb6 cxb6 25. e4 Rb5 26. Ne6 Bc3 27. f5 Rxb4 28. Rxb4 Bxb4 29. f6 Kf7 30. Ng5+ Kf8 31. f7 d5 32. Ne6+ Ke7 33. f8=Q+ Rxf8 34. Nxf8 d4 35. Bg5+ Kd6 36. Rf6+ Ke5 37. Rf4 d3 38. Nd7+ Kd6 39. Nf6 d2 40. Rf1 c3 41. Nd5 c2 42. Nxb4 d1=Q 43. Bf4+ Ke6 44. Nd5 Qd4+ 45. Be3 Qxe4 46. Rf6+ Kxd5 0-1


[Site "https://www.chess.com"]

[Event "Titled Tuesday Blitz June 6 Late 2023"]
[White "Winkels, Marcel"]
[Black "Herman, Daniel"]
[WhiteFideId "1003887"]
[BlackFideId "30935008"]
[WhiteElo "1900"]
[BlackElo "1897"]
[Result "0-1"]
[Round "6"]
[TimeControl "180+2"]
[Date "2023.06.07"]
[WhiteClock "0:00:16"]
[BlackClock "0:00:39"]
[Board "117"]

1. d4 Nf6 2. Nc3 d5 3. Bf4 e6 4. Nb5 Na6 5. e3 Be7 6. Nf3 O-O 7. Be2 c6 8. Nc3 c5 9. Bxa6 bxa6 10. dxc5 Bxc5 11. O-O a5 12. Na4 Be7 13. Ne5 Qe8 14. b3 Ba6 15. Re1 Rc8 16. c3 Ne4 17. Rc1 f6 18. Nd3 Qg6 19. f3 Nxc3 20. Rxc3 Rxc3 21. Nxc3 Bxd3 22. e4 dxe4 23. Nxe4 Rd8 24. Qc1 e5 25. Be3 Bxe4 26. fxe4 Qxe4 27. Bb6 Qxe1+ 28. Qxe1 axb6 29. h3 Bc5+ 30. Kh2 Re8 31. Qe4 g6 32. h4 f5 33. Qd5+ Kg7 34. Qd7+ Re7 35. Qd5 e4 36. Qd1 e3 37. Qa1+ Kf7 38. g3 e2 39. Qe1 Bb4 0-1


[Site "https://www.chess.com"]

[Event "Titled Tuesday Blitz June 6 Late 2023"]
[White "Kozelov, Roman"]
[Black "Cluke86"]
[WhiteFideId "14133377"]
[WhiteElo "2149"]
[BlackElo "2150"]
[Result "1-0"]
[Round "6"]
[TimeControl "180+2"]
[Date "2023.06.07"]
[WhiteClock "0:01:37"]
[BlackClock "0:00:40"]
[Board "118"]

1. e4 d6 2. d4 Nf6 3. Nc3 e5 4. dxe5 dxe5 5. Qxd8+ Kxd8 6. Nf3 Nbd7 7. Bc4 Ke8 8. Ng5 Bb4 9. Bxf7+ Ke7 10. Bb3 h6 11. Nf3 Nxe4 12. O-O Nxc3 13. bxc3 Bxc3 14. Rb1 Nc5 15. Ba3 b6 16. Bxc5+ bxc5 17. Bd5 Ba6 18. Bxa8 Bxf1 19. Kxf1 Rxa8 20. Rb3 Ba5 21. Nxe5 Bb6 22. Nc4 Rd8 23. Re3+ Kf6 24. Ke2 Rd4 25. Nd2 Ra4 26. a3 c4 27. Rf3+ Ke7 28. Ne4 Bd4 29. Kd2 Bb2 30. Nc5 Rxa3 31. Rf4 c3+ 32. Kd3 Ra1 33. Re4+ Kd6 34. Kc4 a5 35. Re6# 1-0


[Site "https://www.chess.com"]

[Event "Titled Tuesday Blitz June 6 Late 2023"]
[White "Kornyukov, Alexey"]
[Black "zsizsi99"]
[WhiteFideId "4150457"]
[WhiteElo "2352"]
[BlackElo "2419"]
[Result "0-1"]
[Round "6"]
[TimeControl "180+2"]
[Date "2023.06.07"]
[WhiteClock "0:01:28"]
[BlackClock "0:00:53"]
[Board "119"]

1. d4 Nf6 2. c4 e6 3. Nc3 Bb4 4. f3 c5 5. d5 b5 6. e4 bxc4 7. Bxc4 Nxd5 8. Bxd5 exd5 9. Qxd5 O-O 10. Ne2 Qb6 11. Be3 Bb7 12. Qd2 Nc6 13. a3 Bxc3 14. Qxc3 d6 15. O-O Ba6 16. Rf2 Rab8 17. b4 cxb4 18. axb4 Qb7 19. Nd4 Rfc8 0-1


[Site "https://www.chess.com"]

[Event "Titled Tuesday Blitz June 6 Late 2023"]
[White "Ricaurte Lopez, Juan Carlos"]
[Black "Romero Ruscalleda, Josep"]
[WhiteFideId "3600327"]
[BlackFideId "2231859"]
[WhiteElo "2200"]
[BlackElo "2183"]
[Result "0-1"]
[Round "6"]
[TimeControl "180+2"]
[Date "2023.06.07"]
[WhiteClock "0:00:04"]
[BlackClock "0:00:10"]
[Board "120"]

1. e4 g6 2. d4 Bg7 3. Nc3 d6 4. Be3 a6 5. Qd2 b5 6. f4 Bb7 7. Bd3 Nf6 8. e5 Ng4 9. Nf3 Nxe3 10. Qxe3 e6 11. O-O O-O 12. Rad1 Nd7 13. Kh1 Nb6 14. Ng5 Qe7 15. Rde1 Nd5 16. Nxd5 Bxd5 17. Be4 c6 18. b3 h6 19. Bxd5 cxd5 20. Nf3 Rac8 21. Qd3 Qc7 22. Re2 Qc3 23. Qd1 dxe5 24. Nxe5 a5 25. Rf3 Qc7 26. c3 b4 27. cxb4 axb4 28. h4 Qc1 29. Rf1 Qxd1 30. Rxd1 Rc3 31. Kh2 Rfc8 32. Rdd2 Rc1 33. g4 Rf1 34. Rf2 Rb1 35. h5 gxh5 36. gxh5 Rcc1 37. Rg2 Rh1+ 38. Kg3 Rxh5 39. Nc6 Kh7 40. Nxb4 Bf8 41. Nc6 Bd6 42. Ne5 f6 43. Ng4 Kg7 44. Kf3 Rh3+ 45. Rg3 Rxg3+ 46. Kxg3 h5 47. Ne3 Re1 48. Kf2 Ra1 49. Kf3 Bb4 50. Rg2+ Kh6 0-1


[Site "https://www.chess.com"]

[Event "Titled Tuesday Blitz June 6 Late 2023"]
[White "Torres Dominguez, David"]
[Black "Melian, Juan Sebastian"]
[WhiteFideId "2220857"]
[BlackFideId "3706575"]
[WhiteElo "1999"]
[BlackElo "2092"]
[Result "0-1"]
[Round "6"]
[TimeControl "180+2"]
[Date "2023.06.07"]
[WhiteClock "0:00:06"]
[BlackClock "0:00:05"]
[Board "121"]

1. e4 d6 2. Nc3 g6 3. d4 Bg7 4. Bf4 a6 5. Qd2 b5 6. O-O-O Bb7 7. f3 Nd7 8. e5 Nb6 9. Bd3 e6 10. exd6 cxd6 11. Ne4 Bxe4 12. fxe4 Ne7 13. Bh6 O-O 14. h4 f6 15. h5 Bxh6 16. Qxh6 g5 17. e5 Nf5 18. Bxf5 exf5 19. Nf3 Kh8 20. exf6 Rxf6 21. Qxg5 Nd5 22. Kb1 Qa5 23. Qd2 Qc7 24. h6 Rc8 25. Rhe1 b4 26. Re2 Qa5 27. Rde1 Rff8 28. Qd3 Qb6 29. Qb3 Qc6 30. Ng5 a5 31. Re6 a4 32. Qd3 b3 33. cxb3 axb3 34. axb3 Nf4 35. Qg3 Qc2+ 36. Ka2 Ra8# 0-1


[Site "https://www.chess.com"]

[Event "Titled Tuesday Blitz June 6 Late 2023"]
[White "Di Berardino, Diego Rafael"]
[Black "Rangel, Daniel"]
[WhiteFideId "2105446"]
[BlackFideId "2124475"]
[WhiteElo "2426"]
[BlackElo "2231"]
[Result "0-1"]
[Round "6"]
[TimeControl "180+2"]
[Date "2023.06.07"]
[WhiteClock "0:00:01"]
[BlackClock "0:00:04"]
[Board "122"]

1. e4 c5 2. Nf3 g6 3. c3 Bg7 4. d4 cxd4 5. cxd4 d5 6. e5 Bg4 7. Bb5+ Nd7 8. O-O e6 9. Nbd2 Ne7 10. h3 Bxf3 11. Nxf3 O-O 12. Bf4 a6 13. Bd3 b5 14. a4 Qb6 15. axb5 axb5 16. Qb3 b4 17. Ra4 Nc6 18. Be3 Rxa4 19. Qxa4 Ndb8 20. Rc1 Rc8 21. Bb5 Rc7 22. Bxc6 Rxc6 23. Rxc6 Nxc6 24. Qa8+ Bf8 25. Nd2 Nb8 26. Nb3 Kg7 27. Nc5 Be7 28. g3 Nc6 29. Nd7 Qc7 30. Nf6 Bxf6 31. exf6+ Kxf6 32. Qh8+ Ke7 33. Qxh7 Nd8 34. Bg5+ Kd7 35. Bxd8 Kxd8 36. Qg8+ Ke7 37. Qg7 Qc1+ 38. Kg2 Qxb2 39. Qe5 Qc3 40. h4 Kf8 41. g4 Qc2 42. Qb8+ Kg7 43. Qe5+ Kg8 0-1


[Site "https://www.chess.com"]

[Event "Titled Tuesday Blitz June 6 Late 2023"]
[White "Papayan, Oleg"]
[Black "Pavlidou, Ekaterini"]
[WhiteFideId "4193911"]
[BlackFideId "4213262"]
[WhiteElo "2167"]
[BlackElo "2126"]
[Result "0-1"]
[Round "6"]
[TimeControl "180+2"]
[Date "2023.06.07"]
[WhiteClock "0:00:04"]
[BlackClock "0:00:22"]
[Board "124"]

1. e4 c5 2. d4 cxd4 3. Qxd4 Nc6 4. Qd3 g6 5. Nc3 Bg7 6. Nf3 d6 7. Be2 Nf6 8. O-O O-O 9. Nd5 Nd7 10. c3 Nde5 11. Nxe5 Nxe5 12. Qg3 f5 13. exf5 Bxf5 14. Bg5 Nc6 15. Bb5 Rf7 16. Rfe1 Be5 17. Qh4 Kf8 18. Bxc6 bxc6 19. Nxe7 Qb6 20. Qh6+ Ke8 21. Nxf5 Rxf5 22. Be3 Qb7 23. f4 Bg7 24. Qxh7 Kf8 25. Qxg6 Rf7 26. Qxd6+ Kg8 27. Bd4 Qxb2 28. Bxg7 Rxg7 29. Qxc6 Rd8 30. Re8+ Rxe8 31. Qxe8+ Kh7 32. Qe4+ Kg8 33. Rd1 Qb6+ 34. Qd4 Rd7 35. Kf1 Rxd4 36. cxd4 Qa6+ 37. Ke1 Qe6+ 38. Kf1 Qc4+ 39. Ke1 Qd5 40. Rd2 Kf7 41. Kf2 Qa5 42. Ke2 Qb5+ 43. Ke3 Qd5 44. h3 Kf6 45. g4 Qh1 46. d5 Qxh3+ 47. Ke4 Qxg4 48. d6 Qf5+ 49. Ke3 Qc5+ 50. Ke4 Qc6+ 51. Ke3 Qd7 52. Rd4 Kf5 53. a4 a5 54. Kd3 Kg4 55. Ke3 Qe6+ 56. Kd3 Qb3+ 57. Ke4 Qb7+ 58. Ke5 Qd7 59. Kd5 Kf5 60. Kc5 Ke6 61. Kb6 Qd8+ 62. Kc6 Qc8+ 63. Kb6 Kd7 64. Kxa5 Qc5+ 65. Ka6 Qxd4 66. a5 Kxd6 67. Kb7 Qb4+ 68. Kc8 Qxa5 69. f5 Qc7# 0-1


[Site "https://www.chess.com"]

[Event "Titled Tuesday Blitz June 6 Late 2023"]
[White "Srdanovic, Jovana"]
[Black "Pace, Christopher"]
[WhiteFideId "954810"]
[BlackFideId "2610167"]
[WhiteElo "2155"]
[BlackElo "2322"]
[Result "0-1"]
[Round "6"]
[TimeControl "180+2"]
[Date "2023.06.07"]
[WhiteClock "0:00:36"]
[BlackClock "0:00:59"]
[Board "125"]

1. d4 Nf6 2. c4 e5 3. dxe5 Ng4 4. e4 Nxe5 5. f4 Nec6 6. Nf3 Bb4+ 7. Nc3 O-O 8. Bd2 Re8 9. Bd3 d6 10. O-O Bg4 11. a3 Bc5+ 12. Kh1 a5 13. Qc2 Bxf3 14. gxf3 Qh4 15. Nd5 Nd4 16. Qd1 Re6 17. f5 Re5 18. f4 Rxd5 19. cxd5 Nd7 20. b4 axb4 21. axb4 Rxa1 22. Qxa1 Qh3 23. bxc5 Qxd3 24. Qa8+ Nf8 25. Qa2 Qxf1# 0-1


[Site "https://www.chess.com"]

[Event "Titled Tuesday Blitz June 6 Late 2023"]
[White "Gonzalez Vega, Alejandro"]
[Black "Liu, Eric"]
[WhiteFideId "3510042"]
[BlackFideId "30960240"]
[WhiteElo "2308"]
[BlackElo "2094"]
[Result "0-1"]
[Round "6"]
[TimeControl "180+2"]
[Date "2023.06.07"]
[WhiteClock "0:00:11"]
[BlackClock "0:00:18"]
[Board "127"]

1. e4 b6 2. d4 Bb7 3. Bd3 e6 4. Qe2 h5 5. c3 h4 6. h3 d5 7. Nd2 Nf6 8. e5 Nfd7 9. f4 g6 10. Ngf3 Be7 11. a4 c5 12. a5 bxa5 13. O-O Nc6 14. Bb5 Qb6 15. Kh1 a6 16. Ba4 cxd4 17. cxd4 Nxd4 18. Nxd4 Qxd4 19. Nf3 Qe4 20. Qd2 Rd8 21. Qxa5 O-O 22. Re1 Qb4 23. Bd2 Qxa5 24. Bxa5 Nc5 25. Bxd8 Rxd8 26. Bc2 Ne4 27. Bxe4 dxe4 28. Nh2 Rd2 29. Rad1 Rxb2 30. Rb1 Rb4 31. Rxb4 Bxb4 32. Rb1 a5 33. Nf1 Ba6 34. Ne3 Bd3 35. Ra1 Bc3 36. Ra3 Bb4 37. Ra1 Bd2 38. Ng4 e3 39. Nxe3 Bxe3 40. Ra3 Bxf4 41. Rxd3 Bxe5 42. Ra3 Bc7 43. Kg1 Kg7 44. Kf2 Bg3+ 45. Kf3 Be1 46. Kg4 Kh6 47. Ra4 g5 48. Kf3 Kg6 49. Ke4 Bb4 50. Ra2 Kf6 51. Rf2+ Ke7 52. Ke5 a4 53. Ra2 a3 54. Kd4 f5 55. Kc4 Bd6 56. Kb3 Kf6 57. Re2 g4 58. hxg4 fxg4 59. Re4 Kf5 60. Ra4 h3 61. gxh3 gxh3 62. Rh4 h2 63. Rh7 Kg4 64. Ka2 Kf3 65. Rh3+ Kg2 66. Rxh2+ Kxh2 67. Kb3 Kg3 0-1


[Site "https://www.chess.com"]

[Event "Titled Tuesday Blitz June 6 Late 2023"]
[White "Amanov, Zhanibek"]
[Black "Magallanes, Rey Jomar"]
[WhiteFideId "13700189"]
[BlackFideId "5205948"]
[WhiteElo "2134"]
[BlackElo "2304"]
[Result "1-0"]
[Round "6"]
[TimeControl "180+2"]
[Date "2023.06.07"]
[WhiteClock "0:01:26"]
[BlackClock "0:00:47"]
[Board "128"]

1. e4 c5 2. c3 d5 3. exd5 Qxd5 4. Nf3 Nc6 5. d4 Nf6 6. Be2 e6 7. O-O Be7 8. dxc5 Qxc5 9. Be3 Qf5 10. Bd3 Qh5 11. Nbd2 O-O 12. Qc2 Ng4 13. Bf4 e5 14. Bg3 f5 15. h3 e4 16. Bc4+ Kh8 17. hxg4 Qxg4 18. Nh2 Qg5 19. Rfe1 f4 20. Nxe4 Qg6 21. Bd3 fxg3 22. Nxg3 Qf6 23. Bxh7 Bc5 24. Ne4 Qe5 25. Nf3 Rxf3 26. Nxc5 Qxc5 27. b4 Bf5 28. bxc5 Bxc2 29. Bxc2 Rxc3 30. Bb3 Rxc5 31. Re3 g6 32. Rd1 Rd8 33. Rxd8+ Nxd8 34. Re8+ Kh7 35. Rxd8 Rc1+ 36. Kh2 g5 37. f3 1-0


[Site "https://www.chess.com"]

[Event "Titled Tuesday Blitz June 6 Late 2023"]
[White "mohsengabr2002"]
[Black "Szyszylo, Rafal"]
[BlackFideId "1109626"]
[WhiteElo "2256"]
[BlackElo "1951"]
[Result "0-1"]
[Round "6"]
[TimeControl "180+2"]
[Date "2023.06.07"]
[WhiteClock "0:00:24"]
[BlackClock "0:00:14"]
[Board "129"]

1. e4 d6 2. d4 Nf6 3. Nc3 g6 4. f3 c6 5. Be3 b5 6. Qd2 Nbd7 7. Nge2 Nb6 8. Ng3 h5 9. h4 Bg7 10. a4 b4 11. Nd1 a5 12. Nf2 Qc7 13. b3 c5 14. Ne2 c4 15. Nf4 Ba6 16. N2h3 O-O 17. Ng5 cxb3 18. cxb3 Bxf1 19. Rxf1 Rac8 20. Kf2 e5 21. Ne2 d5 22. Rfc1 Qb8 23. dxe5 Nfd7 24. f4 dxe4 25. Nxe4 Rcd8 26. Qc2 Nd5 27. Bd4 Rc8 28. Qd2 Rfe8 29. Nd6 Rxc1 30. Rxc1 Rf8 31. Kg1 Ne7 32. Bf2 Rd8 33. Nd4 Nf8 34. Nc6 Nxc6 35. Rxc6 Ne6 36. g3 Bf8 37. Qd5 Bxd6 38. Rxd6 Rc8 39. Qxa5 Rc1+ 40. Kh2 Qb7 41. Qd5 Qc7 42. Rxe6 fxe6 43. Qxe6+ Qf7 44. Qxf7+ Kxf7 45. a5 Ra1 46. Bb6 Ra3 47. Kg2 Rxb3 48. a6 Ra3 49. a7 b3 50. Bc5 Rxa7 51. Bxa7 b2 52. Bf2 b1=Q 53. Kf3 Qd3+ 54. Be3 Ke6 55. Kf2 Kf5 56. e6 Kxe6 57. Bc5 Qc2+ 58. Kf3 Qxc5 0-1


[Site "https://www.chess.com"]

[Event "Titled Tuesday Blitz June 6 Late 2023"]
[White "Boder, Jan"]
[Black "Mikhalsky, Vladimir"]
[WhiteFideId "16243226"]
[BlackFideId "14144352"]
[WhiteElo "2241"]
[BlackElo "2236"]
[Result "1-0"]
[Round "6"]
[TimeControl "180+2"]
[Date "2023.06.07"]
[WhiteClock "0:00:05"]
[BlackClock "0:00:06"]
[Board "130"]

1. e4 g6 2. d4 Bg7 3. Nf3 d6 4. h3 a6 5. c4 Nf6 6. Nc3 O-O 7. Bd3 Nc6 8. O-O e5 9. d5 Ne7 10. b4 a5 11. Ba3 Nh5 12. bxa5 c5 13. dxc6 bxc6 14. c5 d5 15. Bb4 Nf4 16. Rb1 Nxd3 17. Qxd3 Ba6 18. Qd2 Bxf1 19. Kxf1 f5 20. Ng5 fxe4 21. Ne6 Qc8 22. Nxf8 Bxf8 23. Kg1 Nf5 24. a3 Nd4 25. Re1 Ra7 26. f3 Qxh3 27. Qxd4 exd4 28. gxh3 dxc3 29. fxe4 d4 30. Kf2 d3 31. Ke3 d2 32. Rf1 Rd7 33. Ke2 Bxc5 34. Bxc3 Bxa3 35. Bxd2 Re7 36. Kd3 Rd7+ 37. Kc2 c5 38. a6 c4 39. Be3 Rd6 40. Ra1 Rxa6 41. Bc1 Re6 42. Rxa3 Rxe4 43. Ra7 Rh4 44. Ra3 Kf7 45. Kd2 Ke6 46. Ke2 Kd5 47. Rg3 Kc6 48. Bd2 Kb5 49. Rg5+ Ka4 50. Kd1 Kb3 51. Rb5+ Ka3 52. Kc2 c3 53. Bxc3 Ra4 54. Rb3+ Ka2 55. Rb2+ Ka3 56. Rb1 1-0


[Site "https://www.chess.com"]

[Event "Titled Tuesday Blitz June 6 Late 2023"]
[White "Palencia Morales, Wilson Guillermo"]
[Black "Sarkar, Justin"]
[WhiteFideId "4401859"]
[BlackFideId "2010011"]
[WhiteElo "2144"]
[BlackElo "2151"]
[Result "1-0"]
[Round "6"]
[TimeControl "180+2"]
[Date "2023.06.07"]
[WhiteClock "0:01:06"]
[BlackClock "0:00:02"]
[Board "131"]

1. d4 d5 2. c4 dxc4 3. Nf3 Nd7 4. Na3 e5 5. Nxc4 Bb4+ 6. Bd2 Bxd2+ 7. Ncxd2 exd4 8. Nxd4 Ngf6 9. e3 O-O 10. Be2 Ne5 11. O-O c5 12. N4b3 b6 13. Nf3 Nxf3+ 14. Bxf3 Ba6 15. Bxa8 Bxf1 16. Qxd8 Rxd8 17. Kxf1 Rxa8 18. Rd1 Kf8 19. Ke2 Ke7 20. a4 h5 21. f3 Rd8 22. Rxd8 Kxd8 23. e4 Ke7 24. Nd2 Ke6 25. Ke3 g5 26. g3 a6 27. h3 b5 28. axb5 axb5 29. f4 gxf4+ 30. gxf4 Nd7 31. Nb3 f5 32. e5 h4 33. Nd2 Nf8 34. Nf3 Ng6 35. Ng5+ Kd5 36. Nh7 c4 37. Nf6+ Ke6 38. Nh5 b4 39. Ng7+ Kd5 40. Nxf5 c3 41. bxc3 bxc3 42. Kf3 Kc4 43. Ke4 c2 44. Ne3+ Kc3 45. Nxc2 Kxc2 46. f5 Ne7 47. f6 Ng6 48. e6 1-0


[Site "https://www.chess.com"]

[Event "Titled Tuesday Blitz June 6 Late 2023"]
[White "Kostiukov, Alexandr"]
[Black "SergioMoralesG"]
[WhiteFideId "14108100"]
[WhiteElo "2202"]
[BlackElo "2471"]
[Result "0-1"]
[Round "6"]
[TimeControl "180+2"]
[Date "2023.06.07"]
[WhiteClock "0:00:06"]
[BlackClock "0:00:34"]
[Board "132"]

1. g3 c5 2. Bg2 g6 3. c4 Bg7 4. Nf3 Nc6 5. O-O d6 6. Nc3 e6 7. e3 Nge7 8. d4 cxd4 9. exd4 d5 10. cxd5 exd5 11. Bf4 O-O 12. h3 a6 13. Ne5 Nxe5 14. dxe5 Be6 15. Qd2 Qc7 16. Rac1 Qa5 17. Nxd5 Qd8 18. Nf6+ Bxf6 19. exf6 Qxd2 20. Bxd2 Nd5 21. b3 Rac8 22. Bg5 b5 23. Rfd1 Nb4 24. Rxc8 Rxc8 25. a3 Nc2 26. Bb7 Rb8 27. Bf4 Rf8 28. Bxa6 Nxa3 0-1


[Site "https://www.chess.com"]

[Event "Titled Tuesday Blitz June 6 Late 2023"]
[White "Swicarz, Maciej"]
[Black "Holtel, Jasper"]
[WhiteFideId "1113585"]
[BlackFideId "12956376"]
[WhiteElo "2181"]
[BlackElo "2412"]
[Result "0-1"]
[Round "6"]
[TimeControl "180+2"]
[Date "2023.06.07"]
[WhiteClock "0:00:13"]
[BlackClock "0:00:08"]
[Board "133"]

1. c4 Nf6 2. Nc3 g6 3. g3 Bg7 4. Bg2 O-O 5. d3 d6 6. Rb1 e5 7. b4 Nh5 8. e3 f5 9. Nge2 f4 10. Bd5+ Kh8 11. d4 c6 12. Be4 exd4 13. Nxd4 fxe3 14. Bxe3 Bh3 15. b5 c5 16. Nde2 Nd7 17. Bxb7 Rb8 18. Be4 Ne5 19. Bd5 Nf6 20. f4 Nxd5 21. Qxd5 Ng4 22. Bd2 Re8 23. Ne4 Qe7 24. N2c3 Nf6 25. Qd3 Nxe4 26. Nxe4 Bf5 27. O-O Bxe4 28. Qb3 Bxb1 29. Qxb1 Qe2 30. Rf2 Bd4 31. Bc3 Qxf2+ 32. Kh1 Qf3# 0-1


[Site "https://www.chess.com"]

[Event "Titled Tuesday Blitz June 6 Late 2023"]
[White "Eggleston, Thomas A"]
[Black "Estrada Nieto, Julian"]
[WhiteFideId "412139"]
[BlackFideId "5101018"]
[WhiteElo "2155"]
[BlackElo "2161"]
[Result "0-1"]
[Round "6"]
[TimeControl "180+2"]
[Date "2023.06.07"]
[WhiteClock "0:00:02"]
[BlackClock "0:00:45"]
[Board "134"]

1. e4 e5 2. Nf3 Nc6 3. d4 exd4 4. Nxd4 Nf6 5. Nc3 Bb4 6. Nxc6 bxc6 7. Bd3 d5 8. exd5 O-O 9. O-O cxd5 10. h3 c6 11. Qf3 Bd6 12. Bf4 Be6 13. Rfe1 Re8 14. Bxd6 Qxd6 15. Qg3 Qxg3 16. fxg3 Rab8 17. b3 Kf8 18. Re2 c5 19. Rae1 c4 20. bxc4 dxc4 21. Be4 Rb2 22. Bf3 Rd8 23. g4 h6 24. Kf2 a5 25. Kg3 g5 26. Rf2 Rd6 27. Re5 Ra6 28. a4 Kg7 29. Nb5 Rb4 30. Nc3 Bd7 31. Be2 Bxa4 32. Nxa4 Rxa4 33. Kh2 Re6 34. Rff5 Rxe5 35. Rxe5 c3 36. Bd3 Ra1 37. Rc5 a4 38. Rxc3 a3 39. Rb3 Nd5 40. c4 Nf4 41. Bf5 Ra2 42. Kg3 Rxg2+ 43. Kf3 Rh2 0-1


[Site "https://www.chess.com"]

[Event "Titled Tuesday Blitz June 6 Late 2023"]
[White "Vila Dupla, Aurelio"]
[Black "Ansh M Shah"]
[WhiteFideId "2203383"]
[BlackFideId "25033379"]
[WhiteElo "2009"]
[BlackElo "2084"]
[Result "0-1"]
[Round "6"]
[TimeControl "180+2"]
[Date "2023.06.07"]
[WhiteClock "0:00:01"]
[BlackClock "0:00:02"]
[Board "135"]

1. Nf3 c6 2. d4 d5 3. c4 Nf6 4. cxd5 cxd5 5. Nc3 Bf5 6. Qb3 Qb6 7. Qxb6 axb6 8. Nb5 Na6 9. Bd2 e6 10. a3 Rc8 11. Rc1 Rxc1+ 12. Bxc1 Be7 13. Nh4 Bc2 14. Nc3 Ne4 15. Nxe4 dxe4 16. g3 O-O 17. Ng2 Rc8 18. Bd2 Bb3 19. Ne3 f5 20. Nd1 Nc7 21. Nc3 Nd5 22. Nxd5 exd5 23. e3 Rc2 24. Be2 Rxb2 25. Bc1 Rb1 26. Kd2 Bxa3 0-1


[Site "https://www.chess.com"]